[Event "Early-Titled-Tuesday-Blitz-March-05-2024"]
[Site "Chess.com"]
[Date "2024.03.05"]
[Round "2"]
[White "K_A_S_T_O_R"]
[Black "SharapovEvgeny"]
[Result "1/2-1/2"]
[WhiteElo "2793"]
[BlackElo "2547"]
[TimeControl "180+1"]
[EndTime "8:17:44 PST"]
[Termination "Game drawn - insufficient material"]

1. e4 c6 2. d4 d5 3. exd5 cxd5 4. c4 Nf6 5. Nc3 e6 6. Nf3 Bb4 7. cxd5 exd5 8. Bd3 O-O 9. O-O h6 10. h3 Nc6 11. Bf4 Be6 12. Qd2 Rc8 13. Rfe1 Ne4 14.
Bxe4 dxe4 15. Rxe4 Bd5 16. Re3 Bxf3 17. Rxf3 Qxd4 18.
Rd3 Qf6 19. Bd6 Rfd8 20. Rd1 Rxd6 21. Rxd6 Qxd6 22. Qxd6 Bxd6 23. Rxd6 Rd8 24. Rxd8+ Nxd8 25. Kf1 Kf8 26. Ke2 Ke7 27. Kd3 a6 28. Kd4 Kd6 29. Ne4+ Kc6 30. Nc5 a5 31. a4 b6 32.
Nd3 Ne6+ 33. Kc4 f6 34. b3 h5 35. h4 g5 36. g3 Kd6 37. f3 Kc6 38. hxg5 Nxg5 39.
Ne1 f5 40. Kd4 Kd6 41. Ke3 Ne6 42. Nd3 Nc5 43. Nxc5 Kxc5 44. Kf4 Kb4 45. Kxf5 Kxb3 46. Kg5 Kxa4 47. f4 b5 48. f5 b4 49. f6 b3 50. f7 b2 51. f8=Q b1=Q 52. Qf4+ Qb4 53.
Kxh5 Qxf4 54. gxf4 Kb3 55. f5 a4 56. f6 a3 57. f7 a2 58. f8=Q a1=Q 59. Qf7+ Kb2 60. Qf6+ Kb1 61. Qxa1+ Kxa1 1/2-1/2

[Event "Early-Titled-Tuesday-Blitz-March-05-2024"]
[Site "Chess.com"]
[Date "2024.03.05"]
[Round "2"]
[White "Herzog2012"]
[Black "GAusal"]
[Result "1/2-1/2"]
[WhiteElo "2508"]
[BlackElo "2311"]
[TimeControl "180+1"]
[EndTime "8:17:46 PST"]
[Termination "Game drawn by repetition"]

1. e4 e5 2. Nf3 Nc6 3. d4 d6 4.
Bc4 Nf6 5. Nc3 Bg4 6. dxe5 dxe5 7. Qxd8+ Rxd8 8. Bg5 h6 9. Bxf6 gxf6 10. Nd5 Bxf3 11. gxf3 Be7 12. Nxc7+ Kf8 13. c3 f5 14. exf5 Na5 15.
Be2 Rd7 16. Nb5 a6 17. Na3 Bxa3 18. bxa3 Ke7 19. Rd1 Rhd8 20. Rxd7+ Rxd7 21. Rg1 Kf6 22. Rg8 Rc7 23. Kd2 Nc4+ 24. Bxc4 Rxc4 25. Rg4 Rc7 26. f4 e4 27. Rh4 Kxf5 28. Rxh6 Kxf4 29. h4 f5 30. h5 Kf3 31. Rf6 f4 32. h6 Rd7+ 33. Ke1 Rc7 34. Kd2 Rd7+ 35. Ke1 Rc7 36. Kd2 1/2-1/2

[Event "Early-Titled-Tuesday-Blitz-March-05-2024"]
[Site "Chess.com"]
[Date "2024.03.05"]
[Round "2"]
[White "ukchessbomber"]
[Black "Austen48"]
[Result "1-0"]
[WhiteElo "2655"]
[BlackElo "2266"]
[TimeControl "180+1"]
[EndTime "8:17:47 PST"]
[Termination "ukchessbomber won by resignation"]

1. b4 Nf6 2. Bb2 e6 3. a3 a5 4.
b5 d5 5. e3 Bd6 6. Nf3 O-O 7.
c4 c6 8. a4 Nbd7 9. Nc3 e5 10.
d3 Qe7 11. Be2 Re8 12. O-O Nf8 13. d4 e4 14. Ne5 Ng6 15. bxc6 Nxe5 16. dxe5 Qxe5 17.
g3 bxc6 18. cxd5 cxd5 19. Ra2 Qf5 20. Nb5 Be5 21. Bd4 Bd7 22. Qa1 Rac8 23. Rd2 Bxd4 24. Qxd4 Bxb5 25. axb5 h5 26. b6 Rb8 27. Rb1 Red8 28.
Ra2 Nd7 29. Rxa5 Qe6 30. Rxd5 Rxb6 31. Rxb6 Qxb6 32. Qxb6 Nxb6 33. Rxd8+ 1-0

[Event "Early-Titled-Tuesday-Blitz-March-05-2024"]
[Site "Chess.com"]
[Date "2024.03.05"]
[Round "2"]
[White "noblerone"]
[Black "thebeast2900"]
[Result "1-0"]
[WhiteElo "2517"]
[BlackElo "2306"]
[TimeControl "180+1"]
[EndTime "8:17:47 PST"]
[Termination "noblerone won on time"]

1. d4 d5 2. Nf3 e6 3. c3 Nf6 4. Bg5 h6 5. Bh4 Be7 6. Nbd2 O-O 7. e3 c5 8. Bd3 b6 9. Qe2 Bb7 10. Ne5 Nbd7 11. f4 Nxe5 12. fxe5 Ne4 13. Bxe7 Qxe7 14. O-O Nxd2 15. Qxd2 Qg5 16. Rf3 cxd4 17. cxd4 Rac8 18. Raf1 Rc7 19. Qf2 Qe7 20. Qg3 Qb4 21. Qg4 Kh8 22. Qxe6 Qd2 23. Qf5 g6 24. Qf6+ 1-0

[Event "Early-Titled-Tuesday-Blitz-March-05-2024"]
[Site "Chess.com"]
[Date "2024.03.05"]
[Round "2"]
[White "ContrVersia"]
[Black "Mackster23"]
[Result "1-0"]
[WhiteElo "2870"]
[BlackElo "2574"]
[TimeControl "180+1"]
[EndTime "8:17:50 PST"]
[Termination "ContrVersia won by resignation"]

1. d4 Nf6 2. c4 e6 3. Nf3 d5 4. g3 dxc4 5. Bg2 c5 6. O-O Nc6 7.
Ne5 Bd7 8. Na3 cxd4 9. Naxc4 Be7 10. Qb3 Qc7 11. Bf4 Nh5 12. Nxc6 Nxf4 13. Nxe7 Nxg2 14. Rfc1 Qc5 15. Nf5 exf5 16. Qxb7 Bc6 17. Nd6+ Qxd6 18.
Rxc6 Qd8 19. Rd6 Qxd6 20. Qxa8+ Qd8 21. Qxd8+ Kxd8 22. Kxg2 Ke7 23. Rc1 Kd6 24. Rc4 Kd5 25.
Rc7 Rb8 26. b3 a5 27. Rxf7 g6 28. Ra7 Rb5 29. Kf1 h5 30. h4 Kc5 31. Rc7+ Kb4 32.
Rc4+ Ka3 33. Ra4+ Kb2 34. Ke1 Rc5 35. Kd2 Rc2+ 36. Kd3 Kc1 37. Rc4 Rxc4 38. bxc4 Kb2 39. c5 Kxa2 40. c6 Kb2 41. c7 a4 42. c8=Q a3 43.
Qc2+ 1-0

[Event "Early-Titled-Tuesday-Blitz-March-05-2024"]
[Site "Chess.com"]
[Date "2024.03.05"]
[Round "2"]
[White "AwareIdea"]
[Black "Willi_Skibbe"]
[Result "1-0"]
[WhiteElo "2523"]
[BlackElo "2313"]
[TimeControl "180+1"]
[EndTime "8:17:50 PST"]
[Termination "AwareIdea won by resignation"]

1. d4 d5 2. Bf4 Nf6 3. e3 c5 4.
Nc3 a6 5. Qd2 e6 6. Nf3 b5 7.
dxc5 Bxc5 8. a3 Bb7 9. Be2 Nbd7 10. Ne5 O-O 11. Nxd7 Nxd7 12. O-O Nb6 13. Bd3 Nc4 14. Qc1 e5 15. Bxc4 exf4 16. Bxd5 Bxd5 17. Rd1 fxe3 18. Rxd5 exf2+ 19. Kf1 Qe7 20. Qg5 Qxg5 21.
Rxg5 Bd4 22. Rd5 Rfd8 23. Rxd8+ Rxd8 24. Rd1 f5 25. Ne2 Bb6 26. Rxd8+ Bxd8 27. Kxf2 Bf6 28. b3 Be5 29. h3 Kf7 30. Ke3 g5 31. c4 Bb2 32. a4 bxa4 33. bxa4 Ke6 34. Kd3 f4 35. Nd4+ Ke5 36. Nc6+ Kf6 37. Nb4 h5 38. Nxa6 Kf5 39. Nc5 g4 40. hxg4+ Kxg4 41. Ne4 f3 42.
gxf3+ Kxf3 43. c5 Be5 44. a5 Bc7 45. a6 h4 46. a7 1-0

[Event "Early-Titled-Tuesday-Blitz-March-05-2024"]
[Site "Chess.com"]
[Date "2024.03.05"]
[Round "2"]
[White "LeoLV10"]
[Black "Bekkedahl"]
[Result "1-0"]
[WhiteElo "2469"]
[BlackElo "2184"]
[TimeControl "180+1"]
[EndTime "8:17:51 PST"]
[Termination "LeoLV10 won by resignation"]

1. e4 c5 2. Nf3 g6 3. d4 cxd4 4. Nxd4 Nc6 5. c4 d6 6. Nc3 Nf6 7. Be2 Nxd4 8. Qxd4 Bg7 9. Be3 O-O 10. Qd2 a5 11.
O-O a4 12. h3 Qa5 13. Rac1 Be6 14. Rfd1 Rfc8 15. b3 a3 16. f3 Nd7 17. Nb5 Qxd2 18.
Rxd2 Nc5 19. Nd4 Bd7 20. Rb1 Na6 21. Kf2 Nb4 22. g4 Nc6 23. Nxc6 Bxc6 24. Bd4 Bxd4+ 25. Rxd4 Rab8 26. Ke3 b5 27. Rc1 b4 28. f4 f6 29.
c5 Bd7 30. Bc4+ Kf8 31. cxd6 exd6 32. Rxd6 Ke7 33. Rcd1 Rc7 34. f5 g5 35. R6d4 Rbb7 36. Rh1 Rc6 37. h4 Rd6 38. Rxd6 Kxd6 39. hxg5 fxg5 40.
Rxh7 Rc7 41. Kd4 Rc8 42. e5+ Kc7 43. Rxd7+ Kxd7 44. Be6+ Kd8 45. Bxc8 Kxc8 1-0

[Event "Early-Titled-Tuesday-Blitz-March-05-2024"]
[Site "Chess.com"]
[Date "2024.03.05"]
[Round "2"]
[White "Leonid_Starozhilov"]
[Black "Chessbard1972"]
[Result "1-0"]
[WhiteElo "2710"]
[BlackElo "2445"]
[TimeControl "180+1"]
[EndTime "8:17:52 PST"]
[Termination "Leonid_Starozhilov won by resignation"]

1. e4 c5 2. Nf3 a6 3. c4 e6 4. Nc3 Qc7 5. d4 cxd4 6. Nxd4 Nf6 7. a3 b6 8. Be3 Bb7 9. f3 Nc6 10. Rc1 Ne5 11. Be2 Ng6 12. b4 h5 13. Nb3 h4 14.
c5 bxc5 15. Nxc5 d6 16. Nxb7 Qxb7 17. Qa4+ Nd7 18. b5 axb5 19. Qxb5 Rb8 20. Qxb7 Rxb7 21. Nb5 Nc5 22. Kf2 Ne5 23. Rhd1 Rd7 24. Nd4 Be7 25. Bb5 O-O 26. Bxd7 Ncd3+ 27. Ke2 Nxc1+ 28. Rxc1 Nxd7 29. Rc7 Nc5 30. Rxe7 Ra8 31. Nb5 Ra5 32. Bxc5 dxc5 33. Rb7 g5 34. h3 f5 35. exf5 exf5 36. Kd3 Ra4 37. Ra7 g4 38. Rxa4 1-0

[Event "Early-Titled-Tuesday-Blitz-March-05-2024"]
[Site "Chess.com"]
[Date "2024.03.05"]
[Round "2"]
[White "Susal_De_Silva"]
[Black "FredddieCroderg"]
[Result "1-0"]
[WhiteElo "2657"]
[BlackElo "2271"]
[TimeControl "180+1"]
[EndTime "8:17:53 PST"]
[Termination "Susal_De_Silva won on time"]

1. Nf3 Nf6 2. e3 e6 3. c4 d5 4. b3 Be7 5. Bb2 O-O 6. Nc3 c5 7. cxd5 exd5 8. d4 Nc6 9. dxc5 Bxc5 10. Bd3 Bg4 11. h3 Bh5 12. O-O a6 13. Be2 Bb6 14. Na4 Bc7 15. Nd4 Qd6 16. g3 Bxe2 17. Qxe2 Ne5 18. Nf3 Nxf3+ 19. Qxf3 Ne4 20. Nc3 Rfe8 21.
Rad1 Nxc3 22. Bxc3 Rad8 23. Rd3 Qa3 24. Rxd5 Qxa2 25.
Qg4 g6 26. Qd4 Be5 27. Rxd8 Bxd4 28. Rxe8+ Kg7 29. Bxd4+ Kh6 30. h4 Qxb3 31. Rc1 a5 32. Rg8 a4 33. Bf6 Qb4 34. Rd1 a3 35. Rd5 Qb1+ 36.
Kh2 1-0

[Event "Early-Titled-Tuesday-Blitz-March-05-2024"]
[Site "Chess.com"]
[Date "2024.03.05"]
[Round "2"]
[White "FischerKasparow"]
[Black "Preobrazhenska_D2011"]
[Result "0-1"]
[WhiteElo "2067"]
[BlackElo "2445"]
[TimeControl "180+1"]
[EndTime "8:17:53 PST"]
[Termination "Preobrazhenska_D2011 won by checkmate"]

1. e4 c5 2. Nf3 d6 3. d4 cxd4 4. Nxd4 Nf6 5. Nc3 a6 6. a4 e5 7.
Nf3 Be7 8. Bg5 Be6 9. Bxf6 Bxf6 10. Nd5 Nd7 11. Bc4 O-O 12. O-O Rc8 13. Bb3 Nc5 14.
Nxf6+ Qxf6 15. Qxd6 Nxe4 16. Qxe5 Qxe5 17. Nxe5 Bxb3 18. cxb3 Rc2 19. Nd3 Rd8 20. Rfd1 Nd2 21. h3 Rxd3 22. Rac1 Rxc1 23. Rxc1 g6 24. b4 Rb3 25. Rc2 Ne4 26. Re2 Rxb4 27. b3 Nc3 28. Re8+ Kg7 29. h4 Rxb3 30. h5 gxh5 31. g3 Nxa4 32. Re5 b5 33. Rxh5 Nc3 34. Kg2 b4 35.
Rg5+ Kf6 36. Ra5 Ra3 37. Rh5 b3 38. Rxh7 b2 39. Rh6+ Kg7 40. Rh1 Ra1 41. Rh4 b1=Q 42. Rg4+ Kf8 43. Rc4 Qh1# 0-1

[Event "Early-Titled-Tuesday-Blitz-March-05-2024"]
[Site "Chess.com"]
[Date "2024.03.05"]
[Round "2"]
[White "DarZay"]
[Black "viktorgen2021"]
[Result "0-1"]
[WhiteElo "2306"]
[BlackElo "2519"]
[TimeControl "180+1"]
[EndTime "8:17:55 PST"]
[Termination "viktorgen2021 won by resignation"]

1. e4 g6 2. d4 Bg7 3. f4 d6 4. Nf3 Nf6 5. e5 dxe5 6. fxe5 Nd5 7. c4 Nb6 8. Nc3 O-O 9. Bd3 Bg4 10. Be3 Nc6 11.
Ne2 f6 12. exf6 exf6 13. O-O Re8 14. Bf2 f5 15. d5 Bxf3 16. dxc6 Bxc6 17. Nf4 Qg5 18.
Bg3 Rad8 19. Qb3 Kh8 20. Rae1 Qf6 21. c5 Rxe1 22. Rxe1 Nd5 23. Ne6 f4 24. Nxd8 fxg3 25. hxg3 Qxd8 26. Bc4 Nf6 27. Qe3 Ne4 28. Kh2 h6 29. b4 a6 30. a4 Nf6 31. Bd3 Ng4+ 0-1

[Event "Early-Titled-Tuesday-Blitz-March-05-2024"]
[Site "Chess.com"]
[Date "2024.03.05"]
[Round "2"]
[White "ZuraTqebuchava"]
[Black "Mesa_1"]
[Result "0-1"]
[WhiteElo "2250"]
[BlackElo "2490"]
[TimeControl "180+1"]
[EndTime "8:17:55 PST"]
[Termination "Mesa_1 won by checkmate"]

1. e4 g6 2. d4 Bg7 3. Nc3 d6 4. g3 Nc6 5. d5 Nd4 6. Be3 c5 7. Bg2 Nf6 8. h3 O-O 9. Nge2 Nxe2 10. Qxe2 Rb8 11. a4 Nd7 12. O-O a6 13. a5 b5 14.
Qd2 Ne5 15. b3 Bxh3 16. Bf4 Bxg2 17. Kxg2 b4 18. Ne2 Qd7 19. Bh6 e6 20. Rh1 Ng4 21. Bxg7 Kxg7 22. Qf4 f5 23. dxe6 Qc6 24. Rad1 Qxe4+ 25. Qxe4 fxe4 26. Nf4 g5 27. Nh5+ Kg6 28. e7 Rxf2+ 29.
Kh3 Kxh5 30. Rxd6 Re8 31. Rd7 e3 32. Re1 Rh2# 0-1

[Event "Early-Titled-Tuesday-Blitz-March-05-2024"]
[Site "Chess.com"]
[Date "2024.03.05"]
[Round "2"]
[White "ilqar_74"]
[Black "janhelmer03"]
[Result "1-0"]
[WhiteElo "2837"]
[BlackElo "2409"]
[TimeControl "180+1"]
[EndTime "8:17:56 PST"]
[Termination "ilqar_74 won on time"]

1. e4 c5 2. Nf3 d6 3. d4 cxd4 4. Nxd4 Nf6 5. Nc3 g6 6. f3 Bg7 7. Be3 O-O 8. Qd2 Nc6 9. O-O-O d5 10. exd5 Nxd5 11. Nxc6 bxc6 12. Bd4 e5 13. Bc5 Re8 14. Ne4 Qc7 15. h4 f5 16. Nd6 Rd8 17. Nxc8 Raxc8 18. Bc4 e4 19. fxe4 Qe5 20. Bd4 Qxd4 21. Qxd4 Bxd4 22. Rxd4 fxe4 23. Rxe4 Kg7 24. h5 Re8 25. Bxd5 cxd5 26. Rd4 Re2 27. Rd2 Rce8 28. hxg6 Kxg6 29. b3 Re1+ 30. Rxe1 Rxe1+ 31. Kb2 Re5 32. c4 dxc4 33. bxc4 Kg5 34. Kc3 Kg4 35. Rd7 Ra5 36. Rxh7 Rxa2 37. c5 Ra1 38. Kc4 Rc1+ 39. Kd5 a5 40. Ra7 Rd1+ 41.
Kc6 Ra1 42. Kd6 Kg3 43. c6 Kxg2 44. c7 Rd1+ 45. Ke7 Rc1 46. Kd8 Rd1+ 47. Kc8 Ra1 48.
Kb8 Rb1+ 49. Rb7 Rc1 50. c8=R 1-0

[Event "Early-Titled-Tuesday-Blitz-March-05-2024"]
[Site "Chess.com"]
[Date "2024.03.05"]
[Round "2"]
[White "balack95"]
[Black "Alenzer"]
[Result "1-0"]
[WhiteElo "2463"]
[BlackElo "2172"]
[TimeControl "180+1"]
[EndTime "8:17:56 PST"]
[Termination "balack95 won on time"]

1. d4 d5 2. c4 dxc4 3. e3 e5 4. Bxc4 exd4 5. Nf3 Nf6 6. O-O Bd6 7. exd4 O-O 8. Nc3 Bg4 9. Bg5 h6 10. Bh4 Nbd7 11. Ne4 Be7 12. Ned2 c6 13. h3 Bh5 14. a4 Nb6 15. Bb3 Nbd5 16. Re1 Re8 17. Qc2 Bg6 18. Qc4 Nb6 19. Qf1 Nbd5 20. Ne5 Bh7 21. Qc4 g5 22. Bg3 Bd6 23. a5 Nh5 24.
Ne4 Nxg3 25. Nxg3 Qf6 26. a6 bxa6 27. Nxc6 Nf4 28. Ne5 Bg6 29. Rxa6 Rad8 30. Rxa7 Bxe5 31. dxe5 Rxe5 32. Rea1 Rf8 33. R7a6 Qe7 34. Kh2 Ne6 35. Qc3 Rc5 36. Qe3 Rc7 37. Bxe6 fxe6 38. Rxe6 Qf7 39.
Raa6 Bh7 40. f3 Rd7 41. Ne4 Rc7 42. Rf6 1-0

[Event "Early-Titled-Tuesday-Blitz-March-05-2024"]
[Site "Chess.com"]
[Date "2024.03.05"]
[Round "2"]
[White "wonderfultime"]
[Black "ProChessWICTH"]
[Result "1-0"]
[WhiteElo "3027"]
[BlackElo "2617"]
[TimeControl "180+1"]
[EndTime "8:17:57 PST"]
[Termination "wonderfultime won by resignation"]

1. d4 Nf6 2. Nf3 g6 3. c4 Bg7 4. g3 O-O 5. Bg2 d5 6. cxd5 Nxd5 7. O-O Nc6 8. Nc3 Nb6 9. d5 Na5 10. Qc2 c6 11. dxc6 Nxc6 12. Rd1 Qe8 13. Qe4 Bf5 14.
Qh4 h5 15. h3 Rd8 16. Be3 Rxd1+ 17. Rxd1 Qc8 18. Ng5 Rd8 19. Rc1 Qd7 20. Rd1 Qc8 21. Rxd8+ Qxd8 22. g4 Bc2 23. gxh5 gxh5 24. Qxh5 Bg6 25. Qh4 Nd4 26. Be4 Nf5 27. Qf4 Nxe3 28.
Bxg6 fxg6 29. Qf7+ Kh8 30. Qxg6 Kg8 31. Qe6+ 1-0

[Event "Early-Titled-Tuesday-Blitz-March-05-2024"]
[Site "Chess.com"]
[Date "2024.03.05"]
[Round "2"]
[White "goldihouse"]
[Black "Aalessia"]
[Result "0-1"]
[WhiteElo "2660"]
[BlackElo "2393"]
[TimeControl "180+1"]
[EndTime "8:17:57 PST"]
[Termination "Aalessia won on time"]

1. c4 e6 2. g3 d5 3. Bg2 Nf6 4.
Nf3 d4 5. O-O c5 6. b4 cxb4 7. a3 bxa3 8. d3 Nc6 9. Qa4 Bd7 10.
Bxa3 Be7 11. Qb3 b6 12. Qb2 Bxa3 13. Nxa3 e5 14. e3 dxe3 15. fxe3 Qe7 16. Nxe5 Nxe5 17. Bxa8 Nxd3 18. Qd4 O-O 19. Bg2 Nc5 20. Rad1 Bg4 21. Rde1 Rd8 22. Qa1 Nd3 23. Nb5 Nxe1 24. Rxe1 h5 25.
Qxa7 Qb4 26. Rf1 Qc5 27. Nd4 Re8 28. h3 Bc8 29. Qa3 Qxa3 30. Nc2 Qd3 0-1

[Event "Early-Titled-Tuesday-Blitz-March-05-2024"]
[Site "Chess.com"]
[Date "2024.03.05"]
[Round "2"]
[White "MarijaKuznecova"]
[Black "JoachimBN"]
[Result "0-1"]
[WhiteElo "2340"]
[BlackElo "2670"]
[TimeControl "180+1"]
[EndTime "8:17:58 PST"]
[Termination "JoachimBN won on time"]

1. e4 c5 2. Nf3 g6 3. d4 cxd4 4. Nxd4 Bg7 5. Nc3 Nc6 6. Be3 Nf6 7. Bc4 O-O 8. Bb3 Qa5 9. O-O d6 10. h3 Bd7 11. Nd5 Nxe4 12. Nxc6 bxc6 13. Nxe7+ Kh8 14. Qd3 Qe5 15. f3 Nc5 16. Bxc5 Qxc5+ 17. Kh1 Rae8 18. Rfe1 d5 19. Nxd5 cxd5 20. Bxd5 Bf5 21. Be4 Bxe4 22. Rxe4 Rxe4 23. Qxe4 Bxb2 24. Rd1 Qe5 25. Qb7 Bd4 26.
c4 Bb6 27. Qd5 Qg3 28. c5 Rd8 29. Qb3 Rxd1+ 30. Qxd1 Bxc5 31. Qd8+ Kg7 32. Qd1 Bd6 33. Kg1 Qe5 0-1

[Event "Early-Titled-Tuesday-Blitz-March-05-2024"]
[Site "Chess.com"]
[Date "2024.03.05"]
[Round "2"]
[White "ChessRespected"]
[Black "Sina_Movahed"]
[Result "0-1"]
[WhiteElo "2618"]
[BlackElo "3035"]
[TimeControl "180+1"]
[EndTime "8:17:59 PST"]
[Termination "Sina_Movahed won on time"]

1. d4 Nf6 2. Nf3 g6 3. g3 Bg7 4. Bg2 O-O 5. c4 d6 6. Nc3 Nbd7 7. O-O e5 8. e4 exd4 9. Nxd4 Re8 10. Re1 Nc5 11.
h3 h6 12. Rb1 c6 13. b3 a5 14. Bf4 g5 15. Be3 Nfxe4 16. Nxe4 Nxe4 17. Qc2 Nxg3 18. Nxc6 bxc6 19. fxg3 d5 20. cxd5 cxd5 21. Qd2 Be6 22. Bd4 Rc8 23. Re3 Rc2 24. Qd3 Bf5 25. Qxf5 Bxd4 26.
Qxc2 Rxe3 27. Kh1 Rxg3 28. Qf5 Kg7 29. Rf1 Bf6 30. Kh2 Re3 31. Qxd5 Qxd5 32. Bxd5 Re2+ 33. Kg3 Rxa2 34. Rc1 h5 35. Kf3 Rd2 36. Rc5 Rd3+ 37.
Ke4 Rxh3 38. Rc7 Rh4+ 39. Ke3 Bd4+ 40. Kd3 Rf4 41. Rc4 Be5 42. Rxf4 Bxf4 43. Ke4 Kg6 44. Bc6 f5+ 45. Kd5 g4 46. Ke6 h4 0-1

[Event "Early-Titled-Tuesday-Blitz-March-05-2024"]
[Site "Chess.com"]
[Date "2024.03.05"]
[Round "2"]
[White "Jumbo"]
[Black "laziestwin"]
[Result "1-0"]
[WhiteElo "2928"]
[BlackElo "2597"]
[TimeControl "180+1"]
[EndTime "8:17:59 PST"]
[Termination "Jumbo won on time"]

1. Nf3 d5 2. g3 g6 3. Bg2 Bg7 4. O-O e5 5. d3 Ne7 6. Nc3 O-O 7.
e4 dxe4 8. dxe4 Bg4 9. h3 Be6 10. Be3 Nbc6 11. Qc1 Qc8 12. Kh2 Nd4 13. Ng5 Bc4 14.
Rd1 Rd8 15. b3 Be6 16. Nxe6 Qxe6 17. Nd5 Nxd5 18. exd5 Qf5 19. Rd2 Nf3+ 20. Bxf3 Qxf3 21. Qd1 Qxd1 22. Raxd1 Rd7 23. c4 Rad8 24. g4 f5 25. f3 Kf7 26. Kg2 Bf8 27. c5 b6 28. c6 Rd6 29. b4 Be7 30. a4 e4 31. Bf4 1-0

[Event "Early-Titled-Tuesday-Blitz-March-05-2024"]
[Site "Chess.com"]
[Date "2024.03.05"]
[Round "2"]
[White "chess123456s"]
[Black "Sokoloco"]
[Result "1-0"]
[WhiteElo "2552"]
[BlackElo "2769"]
[TimeControl "180+1"]
[EndTime "8:17:59 PST"]
[Termination "chess123456s won on time"]

1. e4 g6 2. d4 Bg7 3. Nc3 d6 4. f4 Nf6 5. Nf3 O-O 6. e5 dxe5 7. fxe5 Nd5 8. Bc4 Nb6 9. Bb3 Na6 10. Be3 c6 11. Qe2 Nd5 12. Nxd5 cxd5 13. O-O-O Bf5 14. Kb1 Rc8 15. a3 e6 16. Nd2 h5 17. g3 Bg4 18. Nf3 f6 19. h3 Bxf3 20. Qxf3 fxe5 21. Qe2 e4 22. h4 Rf3 23. Bg5 Qb6 24. g4 hxg4 25.
h5 gxh5 26. Rxh5 Rcf8 27. Qg2 g3 28. Qh3 Nc7 29. Bh6 Bf6 30. Bxf8 Kxf8 31. Qg4 Qd6 32. Qg6 Ne8 33. Rh7 Ng7 34. Ba4 Qf4 35. Rxg7 1-0

[Event "Early-Titled-Tuesday-Blitz-March-05-2024"]
[Site "Chess.com"]
[Date "2024.03.05"]
[Round "2"]
[White "Bkmzzzzz"]
[Black "pfalcon1949"]
[Result "1-0"]
[WhiteElo "2428"]
[BlackElo "1937"]
[TimeControl "180+1"]
[EndTime "8:17:59 PST"]
[Termination "Bkmzzzzz won by checkmate"]

1. e4 e6 2. Nf3 d5 3. exd5 exd5 4. d4 Nf6 5. Bd3 c5 6. O-O c4 7. Re1+ Be7 8. Bf1 O-O 9. b3 cxb3 10. axb3 Nc6 11.
c4 h6 12. c5 Bg4 13. Be3 Ne4 14. h3 Bh5 15. Be2 b6 16. cxb6 Qxb6 17. Ne5 Bxe2 18. Rxe2 Rfd8 19. Nd2 Nc3 20. Qf1 Nxe2+ 21. Qxe2 Bf6 22. Ra6 Qb7 23. Nxc6 Rdc8 24. Ne5 Rc1+ 25. Kh2 Rc2 26. Qd3 Rac8 27. Nb1 Qc7 28. Bf4 Rxf2 29.
Bg3 Bxe5 30. Bxe5 Qc2 31. Qg3 g6 32. Rxa7 Rf5 33. Na3 Qf2 34. Qxf2 Rxf2 35. b4 Rc3 36. b5 Rb3 37. Ra8+ Kh7 38. Rh8# 1-0

[Event "Early-Titled-Tuesday-Blitz-March-05-2024"]
[Site "Chess.com"]
[Date "2024.03.05"]
[Round "2"]
[White "Brave_spirit12"]
[Black "annamaja"]
[Result "1-0"]
[WhiteElo "2712"]
[BlackElo "2462"]
[TimeControl "180+1"]
[EndTime "8:18:00 PST"]
[Termination "Brave_spirit12 won on time"]

1. e4 e6 2. d4 d5 3. Nc3 Nf6 4. e5 Nfd7 5. f4 c5 6. Nf3 Nc6 7. Be3 a6 8. Qd2 b5 9. a3 Qa5 10. Ra2 Qb6 11. Nd1 cxd4 12. Nxd4 Nxd4 13. Bxd4 Bc5 14.
c3 f6 15. Bd3 fxe5 16. fxe5 O-O 17. Qe3 Bxd4 18. cxd4 b4 19. Nf2 bxa3 20. bxa3 Qa5+ 21.
Ke2 Nb6 22. Qd2 Qa4 23. Qb4 Rb8 24. Rb1 Qd7 25. Bxh7+ Kxh7 26. Qxf8 a5 27. Ke1 Qc7 28. Qc5 Qxc5 29. dxc5 Nd7 30. Rxb8 Nxb8 31. Rb2 Nd7 32. c6 Nxe5 33. c7 Kg6 34. Rb8 1-0

[Event "Early-Titled-Tuesday-Blitz-March-05-2024"]
[Site "Chess.com"]
[Date "2024.03.05"]
[Round "2"]
[White "ChessSwole"]
[Black "Massakru"]
[Result "1-0"]
[WhiteElo "2699"]
[BlackElo "2391"]
[TimeControl "180+1"]
[EndTime "8:18:00 PST"]
[Termination "ChessSwole won by resignation"]

1. e4 e5 2. Nf3 Nc6 3. Bc4 Nf6 4. d3 h6 5. Nc3 g5 6. O-O d6 7. a4 Bg4 8. Be3 a6 9. Nd5 Bg7 10. c3 O-O 11. h3 Bh5 12. Nxf6+ Qxf6 13. g4 Bg6 14. a5 Ne7 15. Bb3 c6 16. Nd2 d5 17.
f3 Rfd8 18. Bc5 Nc8 19. Qe2 Bf8 20. Bf2 Nd6 21. Rae1 dxe4 22. fxe4 Qe7 23. Kh1 Ne8 24.
Bg3 Ng7 25. Nc4 Ne6 26. Bxe5 Nc5 27. Bc2 Qe6 28. Rf6 Qe8 29. d4 Nd7 30. Rf2 Nxe5 31.
Nxe5 Bd6 32. Nxg6 fxg6 33. Bb3+ Kh8 34. e5 Bc7 35. Bf7 Qe7 36. Qe4 Bxa5 37. Qxg6 Qf8 38. Rf6 Qg7 39. Qh5 Kh7 40. Bg6+ Kg8 41. Rf7 Rxd4 42.
Rxg7+ Kxg7 43. Bf5 1-0

[Event "Early-Titled-Tuesday-Blitz-March-05-2024"]
[Site "Chess.com"]
[Date "2024.03.05"]
[Round "2"]
[White "VinzentSpitzl"]
[Black "Kiborg95"]
[Result "0-1"]
[WhiteElo "2539"]
[BlackElo "2800"]
[TimeControl "180+1"]
[EndTime "8:18:01 PST"]
[Termination "Kiborg95 won by resignation"]

1. e4 d6 2. d4 Nf6 3. Nc3 e5 4. Nge2 c6 5. a4 Be7 6. g3 O-O 7. Bg2 Nbd7 8. O-O b6 9. h3 h5 10. Be3 a6 11. f4 Bb7 12. Qd2 Re8 13. Rae1 b5 14. b3 Bf8 15. Kh2 exd4 16. Qxd4 Qc7 17. Nd1 c5 18. Qd3 c4 19. Qd4 Bxe4 20. Nf2 Bxg2 21.
Kxg2 Qc6+ 22. Kh2 d5 23. Ng1 bxa4 24. bxa4 Qxa4 25. c3 Bc5 26. Qd2 Bxe3 27. Rxe3 Rxe3 28.
Qxe3 Re8 29. Qd2 Nc5 30. Nf3 Nce4 31. Nxe4 Nxe4 32. Qxd5 Qc2+ 33. Kg1 Qxc3 34. Qxh5 Nxg3 0-1

[Event "Early-Titled-Tuesday-Blitz-March-05-2024"]
[Site "Chess.com"]
[Date "2024.03.05"]
[Round "2"]
[White "bylavochka"]
[Black "zsizsi99"]
[Result "1-0"]
[WhiteElo "2312"]
[BlackElo "2496"]
[TimeControl "180+1"]
[EndTime "8:18:01 PST"]
[Termination "bylavochka won by resignation"]

1. e4 c5 2. Nf3 Nc6 3. d4 cxd4 4. Nxd4 e5 5. Nb5 d6 6. N1c3 a6 7. Na3 Be7 8. Nd5 b5 9. c3 Nf6 10. Nc2 Nxe4 11. Qf3 f5 12. Bd3 O-O 13. Bxe4 fxe4 14. Qxe4 Bh4 15. O-O Bf5 16. Qe2 Ne7 17. Nce3 Be4 18.
Qg4 Bxd5 19. Nxd5 Nxd5 20. Qe6+ Kh8 21. Qxd5 Qf6 22. Be3 Qg6 23. a4 Be7 24. axb5 Qc2 25. Rxa6 Rab8 26. Qa2 Rfc8 27. b6 Rxc3 28. bxc3 Qxc3 29.
Ra8 Qc8 30. Rxb8 1-0

[Event "Early-Titled-Tuesday-Blitz-March-05-2024"]
[Site "Chess.com"]
[Date "2024.03.05"]
[Round "2"]
[White "Felix-Rose"]
[Black "MFatigue"]
[Result "0-1"]
[WhiteElo "2299"]
[BlackElo "2514"]
[TimeControl "180+1"]
[EndTime "8:18:02 PST"]
[Termination "MFatigue won on time"]

1. e4 e6 2. d4 d5 3. Nc3 f6 4.
Bd3 Nc6 5. Nf3 Bb4 6. O-O Nge7 7. Bd2 O-O 8. a3 Ba5 9. b4 Bb6 10. exd5 Nxd4 11. dxe6 Bxe6 12. Na4 Nxf3+ 13. Qxf3 Bd5 14. Qh3 g6 15. Bh6 Re8 16. Rad1 Qc8 17. Qxc8 Raxc8 18. c4 Bc6 19. b5 Bd7 20. Bxg6 Nxg6 21. Rxd7 Re7 22.
Rfd1 Rce8 23. Rxe7 Rxe7 24. c5 Ba5 25. c6 bxc6 26.
bxc6 Ne5 27. Rd8+ Kf7 28. Rf8+ Kg6 29. Be3 Nxc6 30. Rg8+ Kf7 31. Rg4 Ne5 32. Rh4 Kg8 0-1

[Event "Early-Titled-Tuesday-Blitz-March-05-2024"]
[Site "Chess.com"]
[Date "2024.03.05"]
[Round "2"]
[White "ricaurtelopezj1955"]
[Black "GreenPeach24"]
[Result "0-1"]
[WhiteElo "2179"]
[BlackElo "2466"]
[TimeControl "180+1"]
[EndTime "8:18:02 PST"]
[Termination "GreenPeach24 won on time"]

1. e4 c6 2. d4 d5 3. exd5 cxd5 4. c4 Nc6 5. Nc3 Nf6 6. Bg5 Ne4 7. cxd5 Nxc3 8. bxc3 Qxd5 9. Nf3 g6 10. c4 Qe4+ 11. Be2 Bg7 12. O-O Nxd4 13. Re1 Ne6 14. Bd3 Qc6 15. Bh4 Qc5 16. Rb1 a6 17. Qe2 O-O 18. Be4 Ra7 19. Bd5 b6 20. Ne5 Nf4 21. Qe4 Nxd5 22. cxd5 Bf5 23. Qf4 Bxb1 24. Rxb1 Qxd5 25.
Nf3 Rd7 26. h3 b5 27. Qb4 e6 28. Bg3 Rc8 29. Qa5 Rc6 0-1